 Dungeon Crawl Stone Soup version 0.31.0-11-ge490571c62 (webtiles) character file.

Game seed: 7974919188762822077

8093 James the Spear-Bearer (level 11, -11/117 HPs)
             Began as an Oni Hedge Wizard on Feb 10, 2024.
             Was a Believer of Kikubaaqudgha.
             Mangled by a centaur warrior
             ... wielding a +4 scimitar of electrocution
              (14 damage)
             ... on level 9 of the Dungeon.
             The game lasted 00:46:26 (12970 turns).

James the Spear-Bearer (Oni Hedge Wizard)          Turns: 12970, Time: 00:46:27

Health: -11/117    AC:  6    Str: 16    XL:     11   Next: 25%
Magic:  13/18      EV: 10    Int: 19    God:    Kikubaaqudgha [**....]
Gold:   273        SH:  0    Dex:  8    Spells: 9/20 levels left

rFire   + . .        a - +0 trident
rCold   . . .        (no shield)
rNeg    . . .        O - +0 steam dragon scales
rPois   .            c - +0 hat
rElec   .            (no cloak)
rCorr   .            (gloves unavailable)
SInv    .            (boots unavailable)
Will    +....        e - amulet of magic regeneration
Stlth   +            p - +4 ring of slaying
HPRegen 0.39/turn    i - ring of protection from fire
MPRegen 0.56/turn

%: no passive effects
@: no status effects
A: large, unfitting armour, horns 1, tough skin 1, double potion healing,
drunken brawling
a: Renounce Religion, Unearth Wretches


You were on level 9 of the Dungeon.
You worshipped Kikubaaqudgha.
Kikubaaqudgha was pleased with you.
You visited 2 branches of the dungeon, and saw 10 of its levels.

You collected 721 gold pieces.
You spent 448 gold pieces at shops.

Inventory:

Hand Weapons
 a - a +0 trident (weapon)
   (You found it on level 7 of the Dungeon)
 b - the +2 rapier of Conscience {drain, *Noise rPois rF+ rN+}
   (You found it on level 3 of the Dungeon)

   rF+:       It protects you from fire.
   rPois:     It protects you from poison rN+: It protects you from negative
   energy.
   *Noise:    It may make a loud noise when swung.
 x - a +0 sling
   (You found it on level 3 of the Dungeon)
 B - a +0 morningstar
   (You found it on level 4 of the Dungeon)
 D - a +2 war axe of venom
   (You took it off an orc on level 5 of the Dungeon)
 H - a +1 whip of flaming
   (You took it off Pikel on level 5 of the Dungeon)
 L - a +0 battleaxe of venom
   (You took it off an orc warrior on level 8 of the Dungeon)
 Q - a +0 quarterstaff
   (You found it on level 7 of the Dungeon)
 S - a +0 dagger of speed
   (You took it off a goblin on level 1 of the Dungeon)
Missiles
 g - 118 stones
 r - a throwing net {!f}
 v - 2 datura-tipped darts
 z - 3 boomerangs
Armour
 c - a +0 hat (worn)
 y - +0 steam dragon scales
   (You found it on level 9 of the Dungeon)
 G - a +1 robe of willpower
   (You took it off Pikel on level 5 of the Dungeon)
 O - +0 steam dragon scales (worn)
   (You found it on level 7 of the Dungeon)
Jewellery
 e - an amulet of magic regeneration (around neck)
   (You found it on level 3 of the Dungeon)
 i - a ring of protection from fire (right hand)
   (You found it on level 7 of the Dungeon)
 p - a +4 ring of slaying (left hand)
   (You found it on level 2 of the Dungeon)
 M - an amulet of reflection
   (You found it on level 6 of the Dungeon)
Wands
 o - a wand of quicksilver (22)
   (You found it on level 2 of the Dungeon)
 t - a wand of flame (6)
   (You found it on level 3 of the Dungeon)
 E - a wand of charming (5)
   (You found it on level 5 of the Dungeon)
Scrolls
 h - 2 scrolls of fog
 j - 3 scrolls of vulnerability {!r}
 m - 2 scrolls of fear
 n - 2 scrolls of revelation
 q - 5 scrolls of poison {!r}
 s - 5 scrolls of teleportation {@r4}
 F - 2 scrolls of enchant armour {unknown}
 P - 3 scrolls of butterflies {unknown}
 T - a scroll of noise {unknown}
Potions
 d - 2 potions of magic
 f - 6 potions of curing {@q1}
 k - 5 potions of might
 l - 4 potions of lignification {!q}
 u - a potion of brilliance
 I - a potion of haste {@q3}
 J - 2 potions of invisibility
 N - 2 potions of enlightenment
 Y - a potion of mutation {!q}


   Skills:
 - Level 10.0 Fighting
 * Level 11.6 Polearms
 - Level 3.0 Armour
 - Level 3.0 Dodging
 - Level 1.4 Stealth
 - Level 5.0 Spellcasting
 - Level 1.0 Conjurations
 - Level 1.0 Summonings
 + Level 7.5 Necromancy
 - Level 1.0 Translocations


You had 9 spell levels left.
You knew the following spells:

 Your Spells              Type           Power      Damage    Failure   Level
a - Magic Dart            Conj           32%        1d4       9%          1
b - Blink                 Tloc           16%        N/A       12%         2
c - Fugue of the Fallen   Necr           33%        N/A       1%          3
q - Vampiric Draining     Necr           33%        2d8       1%          3
x - Call Imp              Summ           16%        N/A       12%         2

Your spell library contained the following spells:

 Spells                   Type           Power      Damage    Failure   Level
 Necrotise                Necr           100%       1d9       1%          1
 Cigotuvi's Dreadful Rot  Necr/Alch/Air  28%        N/A       7%          2
 Apportation              Tloc           16%        N/A       9%          1
 Summon Small Mammal      Summ           32%        N/A       9%          1
 Sting                    Conj/Alch      24%        1d4       10%         1
 Slow                     Hex            16%        N/A       12%         1
 Lesser Beckoning         Tloc           16%        N/A       12%         2
 Jinxbite                 Hex            8%         N/A       19%         2
 Gell's Gravitas          Tloc           8%         N/A       24%         3
 Teleport Other           Tloc           8%         N/A       24%         3
 Volatile Blastmotes      Fire/Tloc      12%        2d11      30%         3
 Mephitic Cloud           Conj/Alch/Air  6%         N/A       32%         3
 Ozocubu's Armour         Ice            4%         N/A       36%         3
 Iskenderun's Mystic Bla  Conj/Tloc      8%         2d4       63%         4
 Manifold Assault         Tloc           8%         N/A       63%         4
 Fulminant Prism          Conj/Alch      3%         3d5       69%         4
 Alistair's Intoxication  Alch           2%         N/A       98%         5


Dungeon Overview and Level Annotations

Branches:
Dungeon (9/15)             Temple (1/1) D:5
   Lair: D:8-11         Orc: D:9-12

Altars:
Ashenzari
Cheibriados
Dithmenos
Elyvilon
Fedhas
Gozag
Hepliaklqana
Kikubaaqudgha
Makhleb
Nemelex Xobeh
Okawaru
Qazlal
Ru
Sif Muna
Trog
Uskayaw
Vehumet
Wu Jian
Yredelemnul
Zin
The Shining One

Shops:
D:1 !?**:   D:3 (

Annotations:
D:4 3 runed translucent doors, lasso's ghost, weakling OpSh


Innate Abilities, Weirdness & Mutations

You are too large for most types of armour.
You have a pair of small horns on your head.
You have tough skin. (AC +1)
You gain doubled healing and magic from potions.
Whenever you drink a healing potion, you attack all around you.


Message History

A centaur warrior comes into view.
It is wielding a +4 scimitar of electrocution.
You hit the cyan ugly thing. You headbutt the cyan ugly thing.
The cyan ugly thing completely misses you.
You barely miss the cyan ugly thing. You headbutt the cyan ugly thing.
Your cerulean imp closely misses the cyan ugly thing.
The cyan ugly thing trunk-slaps you. The cyan ugly thing shocks you!
* * * LOW HITPOINT WARNING * * *
The centaur warrior unwields a +4 scimitar of electrocution.
It stops crackling.
The centaur warrior wields a +0 orcbow.
The centaur warrior shoots an arrow.
The arrow hits you!
* * * LOW HITPOINT WARNING * * *
Press: ? - help, Shift-Dir - straight line, f/p - cyan ugly thing
Aim: a cyan ugly thing (severely wounded, ally target)
You draw life force from the cyan ugly thing!
You feel life coursing into your body.
Your cerulean imp hits the cyan ugly thing but does no damage.
The centaur warrior shoots an arrow.
The arrow hits you!!
* * * LOW HITPOINT WARNING * * *
The cyan ugly thing trunk-slaps your cerulean imp.
The cyan ugly thing shocks your cerulean imp.
Your cerulean imp resists.
Press: ? - help, Shift-Dir - straight line, f/p - cyan ugly thing
Aim: a cyan ugly thing (almost dead, not watching you, ally target)
You draw life force from the cyan ugly thing!
You kill the cyan ugly thing!
Kikubaaqudgha accepts your kill.
You feel life coursing into your body.
The centaur warrior shoots an arrow.
The arrow hits you!!
* * * LOW HITPOINT WARNING * * *
The centaur warrior shoots an arrow.
The arrow hits your cerulean imp!!
Your cerulean imp dies!
Your cerulean imp disappears in a puff of smoke!
You savour every drop.
You feel much better.
The centaur warrior unwields a +0 orcbow.
The centaur warrior wields a +4 scimitar of electrocution.
You hear the crackle of electricity.
The centaur warrior hits you with a +4 scimitar of electrocution!
* * * LOW HITPOINT WARNING * * *
The centaur warrior kicks you.
* * * LOW HITPOINT WARNING * * *
Press: ? - help, Shift-Dir - straight line, f - centaur warrior
Aim: a centaur warrior, wielding a +4 scimitar of electrocution and wearing a +0 robe You draw life force from the centaur warrior.
You feel life coursing into your body.
The centaur warrior hits you with a +4 scimitar of electrocution!!
* * * LOW HITPOINT WARNING * * *
The centaur warrior closely misses you.
The centaur warrior hits you with a +4 scimitar of electrocution!
You die...
Kikubaaqudgha rasps: "You have failed me!
Welcome... death!"

#.#Y. ...
#...#####......#.. #....
...# #####.. ########..
#... ......#####......
### .....#...#.#..##.
..#.'...#.......
.#####.#^#...#.......
'...#.#.#...†.# # #
#...#...#...#.......
#.#.#...#...#@..#######'
...#...#...c...#
...'...#...#...#
#.#.#...#...#...#
#...#...'...#...#
#...#...#####'###
#...#......#...
#...#......#[##
#...#'####.'... ..


You could see a centaur warrior.

Vanquished Creatures
  A centaur warrior (D:9)
  Pikel (D:5)
  An ugly thing (D:9)
  A manticore (D:9)
  A cyclops (D:9)
  A gargoyle (D:9)
  A troll (D:9)
  Grinder (D:3)
  A slime creature (D:9)
  A wraith (D:9)
  2 wyverns
  6 yaks
  A basilisk (D:9)
  2 steam dragons
  Menkaure (D:7)
  3 orc warriors
  3 sky beasts
  2 black bears
  An ogre (D:5)
  2 centaurs
  2 lemures
  2 phantoms
  2 bullfrogs
  2 scorpions
  9 killer bees
  2 howler monkeys
  An electric eel (D:6)
  A crimson imp (D:6)
  5 hounds
  5 orc priests
  A jelly (D:8)
  Jessica (D:2)
  8 orc wizards
  6 iguanas
  2 gnolls
  10 adders
  4 shadow imps
  A white imp (D:5)
  2 ufetubi (D:7)
  4 dart slugs
  27 orcs
  3 endoplasms
  2 giant cockroaches
  4 goblins
  6 hobgoblins
  A jackal (D:3)
  7 quokkas
  7 ball pythons
  8 bats
  5 frilled lizards (D:1)
  12 kobolds
  3 rats
188 creatures vanquished.

Vanquished Creatures (collateral kills)
  A black bear (D:5)
  A scorpion (D:7)
  A lava snake (D:8)
  3 iguanas (D:5)
  A gnoll (D:5)
  An adder (D:5)
  4 orcs
  3 endoplasms
  2 goblins (D:1)
  2 hobgoblins
  A jackal (D:3)
  3 ball pythons
  A frilled lizard (D:1)
  2 rats (D:1)
26 creatures vanquished.

Vanquished Creatures (others)
  A shadow imp (D:6)
1 creature vanquished.

Grand Total: 215 creatures vanquished

Notes
Turn   | Place    | Note
-------+----------+-------------------------------------------
     0 | D:1      | James the Oni Hedge Wizard began the quest for the Orb.
     0 | D:1      | Reached XP level 1. HP: 16/16 MP: 5/5
    36 | D:1      | Found Cugedott's Assorted Antiques.
    78 | D:1      | Reached skill level 1 in Summonings
   180 | D:1      | Reached skill level 1 in Conjurations
   180 | D:1      | Reached skill level 1 in Translocations
   216 | D:1      | Reached skill level 1 in Fighting
   216 | D:1      | Reached XP level 2. HP: 11/27 MP: 1/6
   337 | D:1      | Learned a level 2 spell: Blink
   340 | D:1      | Learned a level 2 spell: Call Imp
   616 | D:1      | Found Nesug's Distillery.
   704 | D:1      | Found Keemnul's Assorted Antiques.
   789 | D:1      | Reached XP level 3. HP: 35/35 MP: 3/8
   964 | D:1      | Found Xoisich's Book Boutique.
  1229 | D:1      | Found Meukoabb's Magic Scroll Boutique.
  1331 | D:1      | Bought 2 puce potions for 43 gold pieces
  1331 | D:1      | Bought a silvery potion for 21 gold pieces
  1369 | D:1      | Bought a puce potion for 24 gold pieces
  1369 | D:1      | Bought a smoky ruby potion for 24 gold pieces
  1369 | D:1      | Bought a puce potion for 24 gold pieces
  1369 | D:1      | Bought a scroll labelled GUWIPHAFFE for 27 gold pieces
  1369 | D:1      | Bought a scroll labelled KYVEAC VEODGHUKK for 27 gold
                  | pieces
  1398 | D:1      | Bought a potion of curing for 39 gold pieces
  1428 | D:1      | Bought a scroll of identify for 24 gold pieces
  1469 | D:2      | Noticed Jessica
  1469 | D:2      | Found a hazy altar of Hepliaklqana.
  1743 | D:2      | Killed Jessica
  1744 | D:2      | Reached skill level 1 in Polearms
  1744 | D:2      | Reached XP level 4. HP: 45/48 MP: 7/10
  2076 | D:3      | Reached skill level 2 in Polearms
  2123 | D:3      | Found a transporter.
  2253 | D:1      | Bought a potion of heal wounds for 65 gold pieces
  2326 | D:3      | Noticed Grinder
  2358 | D:3      | Killed Grinder
  2359 | D:3      | Reached skill level 4 in Polearms
  2359 | D:3      | Reached XP level 5. HP: 40/54 MP: 11/11
  2359 | D:3      | Reached XP level 6. HP: 46/62 MP: 12/12
  2512 | D:3      | Found Qesh's Weapon Boutique.
  2602 | D:3      | Found an opulent altar of Gozag.
  2705 | D:3      | Reached skill level 5 in Polearms
  2876 | D:3      | Identified the +2 rapier of Conscience {drain, *Noise rPois
                  | rF+ rN+}
  2980 | D:3      | Found a transporter.
  3409 | D:4      | Noticed a black bear
  3419 | D:4      | Killed a black bear
  3420 | D:4      | Reached XP level 7. HP: 49/71 MP: 11/13
  3725 | D:4      | Reached skill level 5 in Fighting
  4279 | D:4      | Found a runed translucent gate.
  4280 | D:4      | Found a runed translucent gate.
  4281 | D:4      | Found a runed translucent gate.
  4283 | D:4      | Noticed lasso's ghost (weakling OpSh)
  4426 | D:5      | Entered Level 5 of the Dungeon
  4561 | D:5      | Found a staircase to the Ecumenical Temple.
  4567 | Temple   | Entered the Ecumenical Temple
  4574 | Temple   | Became a worshipper of Kikubaaqudgha
  4740 | D:5      | Reached skill level 6 in Polearms
  4869 | D:4      | Learned a level 3 spell: Fugue of the Fallen
  4905 | D:5      | Found a shimmering blue altar of Sif Muna.
  4979 | D:5      | Reached skill level 1 in Necromancy
  5511 | D:4      | Reached XP level 8. HP: 52/83 MP: 12/14
  6291 | D:5      | Noticed Pikel
  6362 | D:5      | Killed Pikel
  6931 | D:1      | Bought a potion of haste for 130 gold pieces
  6995 | D:3      | Reached XP level 9. HP: 92/92 MP: 15/15
  7278 | D:6      | Reached * piety under Kikubaaqudgha
  7278 | D:6      | Received a gift from Kikubaaqudgha
  7301 | D:6      | Learned a level 3 spell: Vampiric Draining
  7989 | D:6      | Reached skill level 7 in Polearms
  8013 | D:6      | Found a sparkling altar of Nemelex Xobeh.
  8297 | D:6      | Found a burning altar of Makhleb.
  8685 | D:7      | Found a broken altar of Ashenzari.
  8709 | D:7      | Reached skill level 8 in Polearms
  9153 | D:7      | Noticed Menkaure
  9157 | D:7      | Killed Menkaure
  9159 | D:7      | Found Rydumuck's Assorted Antiques.
  9167 | D:7      | Reached skill level 1 in Armour
  9668 | D:8      | Reached skill level 9 in Polearms
  9668 | D:8      | Reached XP level 10. HP: 38/106 MP: 12/16
  9885 | D:8      | Found a radiant altar of Vehumet.
  9948 | D:8      | Reached ** piety under Kikubaaqudgha
 10623 | D:8      | Found an iron altar of Okawaru.
 11000 | D:9      | Noticed a gargoyle
 11066 | D:9      | Noticed a cyclops
 11076 | D:9      | Killed a cyclops
 11077 | D:9      | Reached skill level 10 in Polearms
 11240 | D:8      | Reached skill level 5 in Spellcasting
 11478 | D:9      | Found an ornate altar of the Wu Jian Council.
 11541 | D:9      | Killed a gargoyle
 12110 | D:9      | Reached skill level 10 in Fighting
 12244 | D:9      | Reached XP level 11. HP: 48/117 MP: 12/18
 12432 | D:9      | Noticed a manticore
 12448 | D:9      | Killed a manticore
 12449 | D:9      | Reached skill level 11 in Polearms
 12549 | D:9      | Noticed a centaur warrior
 12565 | D:9      | Killed a centaur warrior
 12954 | D:9      | Noticed a cyan ugly thing
 12961 | D:9      | Noticed a centaur warrior
 12965 | D:9      | Killed a cyan ugly thing
 12965 | D:9      | HP: 2/117 [centaur warrior/arrow (22)]
 12970 | D:9      | HP: 3/117 [centaur warrior/+4 scimitar of electrocution
                  | (19)]
 12970 | D:9      | Mangled by a centaur warrior

Illustrated notes

Levels and vault maps discovered:
D:1:      psy_arrival_conway, layout_basic, serial_shops, shop_coins,
          nicolae_shop_real_fake_doors, shop_coins, shop_coins,
          nicolae_shop_pleasant_corner_grove, chequers_arboretum,
          roderic_malta_cross, minmay_octomino_e4
D:2:      layout_basic, basic_altar, grunt_ministairs_11, uniq_jessica
D:3:      gammafunk_wand_slinger, layout_loops_corners,
          nicolae_gozag_cash_rules_everything_around_me, serial_shops, shop,
          minmay_three_crescents, uniq_grinder
D:4:      layout_cave_pods, gammafunk_ghost_nasty_kobolds
D:5:      minmay_recursive_quarters, layout_rooms,
          mainiacjoe_overflow_cross_hatched, minmay_temple_entry_hall,
          serial_rivers, chequers_serial_rivers_micro_b,
          chequers_serial_rivers_marsh, chequers_serial_rivers_room_a,
          chequers_serial_rivers_micro_b, chequers_serial_rivers_room_a,
          uniq_pikel
D:6:      layout_basic, nemelex_xobeh_ov_fountains_minmay,
          makhleb_grotto_becter, nrook_pool_corridor
D:7:      layout_loops_ring, mainiacjoe_overflow_small_starburst, serial_shops,
          shop, uniq_menkaure
D:8:      layout_cave_pools, vehumet_crystals, general_overflow_altar,
          minivault_19, chequers_serial_rivers_micro_a, nicolae_lava_and_water
D:9:      minmay_the_grid_octo_2x2 [minmay_the_grid_octo_fat_diamond,
          minmay_the_grid_octo_pinwheel, minmay_the_grid_octo_tetromino_candy,
          minmay_the_grid_octo_prize_single_spiral], layout_stronghold,
          mainiacjoe_overflow_alcove_1, uniq_gastronok
Temple:   compressed_dpeg_triangle_lava_temple

Skill      XL: |  1  2  3  4  5  6  7  8  9 10 11 |
---------------+----------------------------------+-----
Summonings     | 1 |  1.0
Conjurations   | 1 |  1.0
Translocations | 1 |  1.0
Fighting       | 1 2 4 6 8 10 | 10.0
Dodging        | 2 3 |  3.0
Spellcasting   | 4 5 |  5.0
Polearms       | 1 4 5 6 9 10 11 | 11.6
Necromancy     | 2 6 7 |  7.5
Armour         | 1 3 |  3.0
Stealth        | |  1.4

Action                     |  1- 3 |  4- 6 |  7- 9 | 10-12 || total
---------------------------+-------+-------+-------+-------++-------
  Melee: Dagger            |   108 |     4 |       |       ||   112
         Headbutt          |    22 |    12 |    55 |    44 ||   133
         Spear             |       |    93 |   309 |       ||   402
         Punch             |       |     1 |     7 |     2 ||    10
         Trident           |       |       |    83 |   201 ||   284
   Cast: Magic Dart        |    17 |     3 |       |       ||    20
         Call Imp          |    14 |     9 |    39 |    18 ||    80
         Vampiric Draining |       |       |     6 |    25 ||    31
         Fugue of the Fall |       |       |     2 |     4 ||     6
  Evoke: Wand              |       |       |     5 |       ||     5
    Use: Scroll            |     1 |     4 |     5 |     3 ||    13
         Potion            |       |     1 |       |     3 ||     4
   Stab: Sleeping          |     1 |     1 |     1 |       ||     3
         Distracted        |       |       |     2 |       ||     2
 Armour: Robe              |    64 |    42 |   180 |       ||   286
         Steam dragon scal |       |       |    79 |   173 ||   252
  Dodge: Dodged            |    48 |    39 |   140 |    70 ||   297
